 Dungeon Crawl Stone Soup version 0.18.1-48-g4cf74bf (webtiles) character file.

124 Frosty the Skirmisher (level 4, -8/37 HPs)
             Began as a Demonspawn Abyssal Knight on Sept 13, 2016.
             Was a Priest of Lugonu.
             Mangled by an ogre
             ... wielding a +0 giant club
              (24 damage)
             ... on level 3 of the Dungeon.
             The game lasted 00:09:05 (1858 turns).

Frosty the Skirmisher (Demonspawn Abyssal Knight)   Turns: 1858, Time: 00:09:06

Health: -8/37      AC: 13    Str: 13    XL:     4   Next: 81%
Magic:  5/5        EV:  6    Int: 13    God:    Lugonu [***...]
Gold:   167        SH:  0    Dex: 15    Spells: 0 memorised, 3 levels left

rFire  . . .     SeeInvis .     a - +1 mace
rCold  . . .     Gourm    .     h - +0 chain mail
rNeg   . . .     Faith    .     (no shield)
rPois  .         Spirit   .     (no helmet)
rElec  .         Dismiss  .     (no cloak)
rCorr  .         Reflect  .     m - +0 pair of gloves
SustAt .         Harm     .     o - +2 pair of boots {Fly}
MR     .....                    (no amulet)
Stlth  ..........               (no ring)
                                e - +2 ring of dexterity

@: flying, not resistant to hostile enchantments, extremely unstealthy
A: powered by death 1
a: Depart the Abyss, Bend Space, Banish, Renounce Religion, Stop Flying


You were on level 3 of the Dungeon.
You worshipped Lugonu.
Lugonu was most pleased with you.
You were not hungry.

You visited 1 branch of the dungeon, and saw 3 of its levels.
You visited the Abyss 1 time.

You collected 167 gold pieces.

Inventory:

Hand Weapons
 a - a +1 mace (weapon)
Armour
 b - a +0 leather armour
 h - a +0 chain mail (worn)
 m - a +0 pair of gloves (worn)
 o - a +2 pair of boots of flying (worn)
Jewellery
 e - a +2 ring of dexterity (left hand)
Scrolls
 f - 2 scrolls of remove curse
 g - a scroll of fear
Potions
 d - a potion of degeneration
 i - 2 potions of flight {unknown}
 k - a potion of haste {unknown}
Comestibles
 c - a bread ration
 j - 4 meat rations
 l - a beef jerky
 n - a slice of pizza


   Skills:
 + Level 4.2 Fighting
 + Level 2.1 Maces & Flails
 + Level 3.1 Armour
 + Level 1.4 Dodging
 + Level 2.5 Invocations


You had 3 spell levels left.
You didn't know any spells.

Dungeon Overview and Level Annotations

Branches:
Dungeon (3/15)

Altars:
Elyvilon
Makhleb
Okawaru
Pakellas
Trog


Innate Abilities, Weirdness & Mutations

You regenerate a little health from kills.


Message History

The ogre barely misses you. The kobold hits you but does no damage.
Your chain mail prevents you from hitting the kobold.
The kobold is moderately wounded.
The kobold hits you but does no damage. The ogre hits you with a giant club.
The kobold barely misses you.
You hit the kobold.
The kobold is severely wounded.
The ogre barely misses you. The kobold closely misses you.
Your chain mail prevents you from hitting the kobold.
The kobold is severely wounded.
The ogre hits you with a giant club! The kobold hits you but does no damage.
You hit the kobold.
You kill the kobold!
Lugonu accepts your kill. The ogre hits you with a giant club!
You sock the ogre!
The ogre is moderately wounded.
The ogre hits you with a giant club!!
Ouch! That really hurt!
You die...

########### .........
#..†.###### #.O@......#
#.#..(.####.###
###.###.#####....
.................
..........[......
......((.........
.................
#...............†.......
.
#<......................


You could see an ogre.

Vanquished Creatures
  An iron imp (D:3)
  3 adders
  An ooze (D:3)
  2 giant geckos (D:1)
  An orc (D:3)
  2 ball pythons
  5 giant cockroaches
  9 goblins
  10 hobgoblins
  6 kobolds
  7 bats
  7 giant newts
  8 rats
62 creatures vanquished.

Notes
Turn   | Place    | Note
--------------------------------------------------------------
     0 | Abyss:1  | Frosty the Demonspawn Abyssal Knight began the quest for the Orb.
     0 | Abyss:1  | Reached XP level 1. HP: 18/18 MP: 2/2
    12 | D:1      | Escaped the Abyss
   242 | D:1      | Gained mutation: You regenerate a little health from kills. [demonic ancestry]
   242 | D:1      | Reached XP level 2. HP: 21/24 MP: 3/3
   311 | D:1      | Reached ** piety under Lugonu
   786 | D:2      | Reached XP level 3. HP: 30/30 MP: 4/4
  1035 | D:2      | Found an iron altar of Okawaru.
  1129 | D:2      | Reached skill level 1 in Dodging
  1133 | D:2      | Found a white marble altar of Elyvilon.
  1146 | D:2      | Reached skill level 4 in Fighting
  1208 | D:2      | Reached XP level 4. HP: 37/37 MP: 5/5
  1272 | D:2      | Found an oddly glowing altar of Pakellas.
  1272 | D:2      | Found a bloodstained altar of Trog.
  1555 | D:2      | Reached *** piety under Lugonu
  1766 | D:3      | Found a burning altar of Makhleb.
  1848 | D:3      | Noticed an ogre
  1858 | D:3      | Mangled by an ogre

Skill      XL: |  1  2  3  4 |
---------------+-------------+-----
Armour         | 2 3 |  3.1
Dodging        | 1 |  1.4
Fighting       | 4 |  4.2
Maces & Flails | 2 |  2.1
Invocations    | |  2.5

Action                   |  1- 3 |  4- 6 || total
-------------------------+-------+-------++-------
Melee: Mace              |   134 |    74 ||   208
  Use: Scroll            |     5 |       ||     5
  Eat: Bread ration      |       |     1 ||     1
       Beef jerky        |       |     1 ||     1
Armor: Chain mail        |   124 |    56 ||   180
       Leather armour    |     2 |       ||     2
Dodge: Dodged            |    83 |    33 ||   116
